 Dungeon Crawl Stone Soup version 0.21-a0-442-g848f44b (webtiles) character file.

140 tof the Twirler (level 5, -1/40 HPs)
             Began as a Demonspawn Gladiator on Nov 13, 2017.
             Slain by Sigmund
             ... wielding a +1 scythe of flaming
              (5 damage)
             ... on level 4 of the Dungeon.
             The game lasted 00:03:45 (2586 turns).

tof the Twirler (Demonspawn Gladiator)              Turns: 2586, Time: 00:03:46

Health: -1/40      AC:  5    Str: 15    XL:     5   Next: 2%
Magic:  5/5        EV:  9    Int:  9    God:
Gold:   148        SH:  0    Dex: 15    Spells: 4/4 levels left

rFire    . . .     SeeInvis .   (no weapon)
rCold    . . .     Gourm    .   (no shield)
rNeg     + . .     Faith    .   e - +0 ring mail
rPois    +         Spirit   .   (helmet restricted)
rElec    .         Reflect  .   (no cloak)
rCorr    .         Harm     .   (no gloves)
MR       .....                  (no boots)
Stlth    +.........             (no amulet)
HPRegen  0.13/turn              q - ring of poison resistance
MPRegen  0.09/turn              g - ring of positive energy

@: constricted, drained
A: claws 1, horns 1, talons 2
a: no special abilities


You were on level 4 of the Dungeon.
You were not hungry.

You visited 1 branch of the dungeon, and saw 4 of its levels.

You collected 148 gold pieces.

Inventory:

Hand Weapons
 a - a +0 quarterstaff
Missiles
 d - 3 throwing nets (quivered)
 t - 20 poisoned needles
Armour
 e - a +0 ring mail (worn)
 f - a +0 helmet
Jewellery
 g - a ring of positive energy (right claw)
 p - an uncursed ring of protection from cold
 q - a ring of poison resistance (left claw)
 x - an uncursed amulet of rage {unknown}
Scrolls
 b - 2 scrolls of enchant armour {unknown}
 h - a scroll of recharging {unknown}
 i - 5 scrolls of identify {unknown}
 j - 2 scrolls of teleportation {unknown}
 l - 5 scrolls of remove curse {unknown}
 o - 2 scrolls of amnesia {unknown}
 r - a scroll of enchant weapon {unknown}
Potions
 k - a potion of heal wounds {unknown}
 n - 2 potions of flight {unknown}
 u - a potion of cancellation {unknown}
 v - a potion of might {unknown}
Comestibles
 c - 2 bread rations
 m - a royal jelly
 s - 2 fruits
 w - a meat ration
 z - 2 chunks of flesh


   Skills:
 + Level 2.9(2.3) Fighting
 - Level 3.9(3.3) Staves
 - Level 1.7(1.2) Throwing
 + Level 1.6(1.0) Armour
 + Level 3.3(2.7) Dodging
 * Level 0.0 Unarmed Combat


You had 4 spell levels left.
You didn't know any spells.

Dungeon Overview and Level Annotations

Branches:
Dungeon (4/15)
 Temple: D:4-7

Altars:
Elyvilon
Fedhas

Annotations:
D:4 Sigmund


Innate Abilities, Weirdness & Mutations

You have sharp fingernails.
You have a pair of small horns on your head.
You have razor-sharp toenails.


Message History

The ball python skeleton constricts you.
You miss something. You claw something.
You hear some strange, mumbled words.
A puff of flame appears from out of thin air!
The puff of flame hits you!
The ball python skeleton closely misses you.
The ball python skeleton constricts you.
You scratch something but do no damage. Your kick misses something.
Something hits you!
* * * LOW HITPOINT WARNING * * *
Something burns you.
* * * LOW HITPOINT WARNING * * *
The ball python skeleton bites you but does no damage.
The ball python skeleton constricts you.
You closely miss something. Your headbutt misses something.
The ball python skeleton barely misses you.
* * * LOW HITPOINT WARNING * * *
The ball python skeleton constricts you.
Something hits you.
You die...

#.(........# #..........#
#..........# #
#..........###
#.#.............
..............#
.............=#
......{.Z...#.#
.......@......#
#.#...........#
........#...#.# ###
#.............#
###.#########..#..###.#
###........#..............
#.....####.#.##..######.##
#.#.#<..##.#............#
#.#.....##.###...########


You could see a ball python skeleton.

Vanquished Creatures
  A bullfrog (D:3)
  A hound (D:4)
  An adder (D:2)
  2 worms (D:2)
  A dart slug (D:2)
  A leopard gecko (D:1)
  An orc (D:3)
  A ball python (D:3)
  3 bats
  A giant cockroach (D:1)
  4 hobgoblins
  A kobold (D:3)
  2 frilled lizards
  3 goblins
  A leopard gecko skeleton (D:4)
  10 rats
34 creatures vanquished.

Vanquished Creatures (others)
  A bat (D:3)
1 creature vanquished.

Grand Total: 35 creatures vanquished

Notes
Turn   | Place    | Note
-------+----------+-------------------------------------------
     0 | D:1      | tof the Demonspawn Gladiator began the quest for the Orb.
     0 | D:1      | Reached XP level 1. HP: 16/16 MP: 1/1
   182 | D:1      | Gained mutation: You have sharp toenails. [demonic ancestry]
   182 | D:1      | Reached XP level 2. HP: 22/22 MP: 2/2
   472 | D:1      | You fall through a shaft!
   581 | D:2      | Found a blossoming altar of Fedhas.
   833 | D:2      | Gained mutation: You have razor-sharp toenails. [demonic ancestry]
   833 | D:2      | Reached XP level 3. HP: 20/28 MP: 3/3
  1573 | D:3      | Reached skill level 1 in Armour
  1830 | D:3      | Noticed a bullfrog
  1838 | D:3      | Killed a bullfrog
  1838 | D:3      | Gained mutation: You have a pair of small horns on your head. [demonic ancestry]
  1838 | D:3      | Reached XP level 4. HP: 34/34 MP: 4/4
  1910 | D:3      | Found a white marble altar of Elyvilon.
  2393 | D:3      | Found a faded altar of an unknown god.
  2553 | D:4      | Gained mutation: You have sharp fingernails. [demonic ancestry]
  2553 | D:4      | Reached XP level 5. HP: 37/40 MP: 5/5
  2568 | D:4      | Noticed Sigmund
  2586 | D:4      | Slain by Sigmund

Vault maps used:
D:1:      lemuel_arrival_cross, corexii_hall_statues_i
D:2:      fedhas_altar_2, first_bread
D:3:      chequers_ecumenical_altar_grove, elyvilon_altar_4
D:4:      uniq_duvessa, uniq_sigmund, uniq_crazy_yiuf_cottage

Skill      XL: |  1  2  3 |
---------------+----------+-----
Staves         | 3 |  3.9
Dodging        | 3 |  3.3
Armour         | 1 |  1.6
Fighting       | |  2.9
Throwing       | |  1.7

Action                   |  1- 3 |  4- 6 || total
-------------------------+-------+-------++-------
Melee: Quarterstaff      |    72 |     8 ||    80
       Kick              |    14 |     5 ||    19
       Headbutt          |       |     3 ||     3
       Unarmed           |       |    13 ||    13
  Eat: Bread ration      |     1 |       ||     1
       Chunk             |     1 |       ||     1
Armor: Ring mail         |    21 |    10 ||    31
       Leather armour    |     3 |       ||     3
Dodge: Dodged            |    31 |    14 ||    45

Table legend:
 A = Spawn XP
 B = Non-spawn XP
 C = Spawn XP percentage of total XP
 D = Spawn monster count
 E = Non-spawn monster count
 F = Spawn count percentage of total count
 G = Total turns spent on level
                    A         B        C        D         E        F      G
               +---------+---------+-------+---------+---------+-------+---------
         Total |       0 |     201 |   0.0 |       0 |      34 |   0.0 |  2586
               +---------+---------+-------+---------+---------+-------+---------
           D:1 |       0 |      25 |   0.0 |       0 |      18 |   0.0 |   607
           D:2 |       0 |      30 |   0.0 |       0 |       6 |   0.0 |   904
           D:3 |       0 |     103 |   0.0 |       0 |       8 |   0.0 |   976
           D:4 |       0 |      43 |   0.0 |       0 |       2 |   0.0 |    99
               +---------+---------+-------+---------+---------+-------+---------
